 Dungeon Crawl Stone Soup version 0.31-a0-986-g5e6e4ef867 (webtiles) character file.

Game seed: 6842911819796113629

28 croobank the Sneak (level 3, -8/26 HPs)
             Began as an Octopode Delver on Nov 8, 2023.
             Mangled by a gnoll
             ... wielding a +0 flail
              (10 damage)
             ... on level 6 of the Dungeon.
             The game lasted 00:00:44 (95 turns).

croobank the Sneak (Octopode Delver)                  Turns: 95, Time: 00:00:45

Health: -8/26      AC:  1    Str: 13    XL:     3   Next: 12%
Magic:  3/3        EV: 13    Int: 12    God:
Gold:   0          SH:  0    Dex: 13    Spells: 2/2 levels left

rFire   . . .        d - +2 quarterstaff (spect)
rCold   . . .        (shield currently unavailable)
rNeg    . . .        (helmet restricted)
rPois   .            (no amulet)
rElec   .            (no ring)
rCorr   .            (no ring)
SInv    .            (no ring)
Will    .....        (no ring)
Stlth   ++++         (no ring)
HPRegen 0.24/turn    (no ring)
MPRegen 0.08/turn    (no ring)
                     (no ring)

%: no passive effects
@: hasted, very quick
A: almost no armour, amphibious, 8 rings, camouflage 1, gelatinous body 1,
(nimble swimmer 1), tentacles
a: no special abilities


You were on level 6 of the Dungeon.
You visited 1 branch of the dungeon, and saw 2 of its levels.

Inventory:

Hand Weapons
 a - a +0 short sword
 d - a +2 spectral quarterstaff (weapon)
Wands
 f - a wand of digging (3)
Scrolls
 b - 2 scrolls of fog
 c - a scroll of revelation


   Skills:
 + Level 3.3 Fighting
 + Level 2.4 Short Blades
 + Level 2.4 Dodging
 + Level 6.9 Stealth


You had 2 spell levels left.
You didn't know any spells.
Your spell library was empty.

Dungeon Overview and Level Annotations

Branches:
Dungeon (6/15)
 Temple: D:4-7

Altars:


Innate Abilities, Weirdness & Mutations

You cannot wear most types of armour.
You are amphibious.
You can wear up to eight rings at the same time.
Your skin changes colour to match your surroundings (Stealth+).
Your rubbery body absorbs attacks. (AC +1, EV +1)
((You are camouflaged when in or above water. (Stealth+)))
You have tentacles for arms and can constrict up to eight enemies at once.


Message History

You hit the gnoll. Your grab misses the gnoll. Your squeeze misses the gnoll.
The gnoll is moderately wounded.
Your +2 spectral quarterstaff hits the gnoll!
You kill the gnoll!
Your +2 spectral quarterstaff disappears.
A gnoll opens the door.
A gnoll comes into view. It is wielding a +0 flail.
Things that are here:
a +0 whip; a gnoll corpse The gnoll shouts!
You hit the gnoll. Your grab misses the gnoll. You squeeze the gnoll!
The gnoll is almost dead.
Your +2 spectral quarterstaff barely misses the gnoll.
The gnoll barely misses you.
The gnoll barely misses your +2 spectral quarterstaff.
The gnoll barely misses you.
The gnoll hits your +2 spectral quarterstaff but does no damage.
The gnoll completely misses your +2 spectral quarterstaff.
You closely miss the gnoll. You grab the gnoll.
The gnoll is almost dead.
Your +2 spectral quarterstaff hits the gnoll but does no damage.
You constrict the gnoll.
You kill the gnoll!
The gnoll hits you from afar with a +0 spear.
You have reached level 3!
Your experience leads to an increase in your attributes!
Increase (S)trength, (I)ntelligence, or (D)exterity?
You feel stronger. x2
You hit the gnoll. You grab the gnoll.
The gnoll is moderately wounded.
Your +2 spectral quarterstaff hits the gnoll!
You constrict the gnoll.
The gnoll hits you from afar with a +0 spear!
* * * LOW HITPOINT WARNING * * *
The gnoll misses you.
You feel yourself speed up.
Your +2 spectral quarterstaff disappears.
You constrict the gnoll, but do no damage.
The gnoll hits you with a +0 flail!
You die...

#. #. #.######
.......
..(...########
#.##........#
####g##..#####.#
#...@)g..## #.#
#........># #.#
#.......#.# #.#
#.......#.# #.#
#.......#.####.#
#.......#.#....#
####....#.#.####
###### #.# #.#


You could see 2 gnolls.

Vanquished Creatures
  2 gnolls (D:6)
  A white imp (D:6)
3 creatures vanquished.

Notes
Turn   | Place    | Note
-------+----------+-------------------------------------------
     0 | D:5      | croobank the Octopode Delver began the quest for the Orb.
     0 | D:5      | Reached XP level 1. HP: 16/16 MP: 1/1
    39 | D:6      | Reached XP level 2. HP: 1/21 MP: 2/2
    94 | D:6      | Reached XP level 3. HP: 9/26 MP: 3/3
    94 | D:6      | HP: 1/26 [gnoll/+0 spear (8)]
    95 | D:6      | Mangled by a gnoll

Illustrated notes

Levels and vault maps discovered:
D:5:      layout_loops_ring, tgw_xom, uniq_pikel
D:6:      layout_basic, chequers_jeans

Action                     || total
---------------------------++-------
  Melee: Short sword       ||     2
         Quarterstaff      ||     5
         Constrict         ||     3
         Tentacles         ||     2
    Use: Scroll            ||     1
         Potion            ||     1
 Armour: Skin              ||     6
  Dodge: Dodged            ||     7

Table legend: (Time is in decaauts)
 A = Elapsed time spent in this place.
 B = Non-inter-level travel time spent in this place.
 C = Inter-level travel time spent in this place.
 D = Time resting spent in this place.
 E = Time spent auto-exploring this place.
 F = Levels seen in this place.
 G = Mean time per level.
                   A        B        C        D        E       F      G
               +--------+--------+--------+--------+--------+-----+--------+
         Total |     95 |     95 |      0 |     45 |     20 |   2 |   47.5 |
       Dungeon |     95 |     95 |      0 |     45 |     20 |   2 |   47.5 |
               +--------+--------+--------+--------+--------+-----+--------+

Top non-repeatable levels by time:
     D:6: 94 daAuts
     D:5: 1 daAuts
